 Dungeon Crawl Stone Soup version 0.29-a0-834-g1e95ca9f62 (webtiles) character file.

Game seed: 12787306177408495111

1829 gobodom the Firebug (level 8, -15/56 HPs)
             Began as a Demonspawn Fire Elementalist on July 12, 2022.
             Demolished by an orc knight
             ... wielding a +0 halberd
              (28 damage)
             ... in a bailey.
             The game lasted 00:33:01 (7502 turns).

gobodom the Firebug (Demonspawn Fire Elementalist)  Turns: 7502, Time: 00:33:01

Health: -15/56     AC: 10    Str:  8      XL:     8   Next: 86%
Magic:  1/16       EV: 13    Int: 24      God:
Gold:   759        SH:  9    Dex: 15 (17) Spells: 15/18 levels left

rFire   . . .      SeeInvis .   i - +5 demon whip (vamp)
rCold   . . .      Faith    .   (no shield)
rNeg    . . .      Spirit   .   x - +0 robe {Will+}
rPois   .          Reflect  +   y - +0 hat
rElec   .          Harm     .   f - +0 cloak
rCorr   .          Rampage  .   j - +2 pair of gloves
Will    +....                   (no boots)
Stlth   ++........              B - amulet "Mugian" {Reflect Regen+ SH+5}
HPRegen 0.98/turn               d - +6 ring of intelligence
MPRegen 0.15/turn               G - +4 ring of protection

@: no status effects
A: demonic guardian 2, condensation shield, weakness stinger 2, hooves 1, agile
1, deterioration 1
a: no special abilities


You were in a bailey.
You visited 1 branch of the dungeon, and saw 7 of its levels.
You also visited: Ossuary and Bailey.

You collected 888 gold pieces.
You spent 129 gold pieces at shops.

Inventory:

Hand Weapons
 i - a +5 vampiric demon whip (weapon)
 C - the +8 rapier of Perog {protect, Will+ Dex+4}
   (You took it off an orc on level 6 of the Dungeon)

   It grants its wielder temporary protection when it strikes (+7 to AC).
   Dex:       It affects your dexterity (+4).
   Will:      It increases your willpower.
Missiles
 A - a throwing net
Armour
 f - a +0 cloak (worn)
 j - a +2 pair of gloves (worn)
 x - a +0 robe of willpower (worn)
 y - a +0 hat (worn)
Magical Staves
 e - a staff of poison
 g - a staff of cold
 n - a staff of earth
Jewellery
 d - a +6 ring of intelligence (left hand)
 B - the amulet "Mugian" (around neck) {Reflect Regen+ SH+5}
   (You acquired it on level 6 of the Dungeon)

   [amulet of reflection]

   It reflects blocked missile attacks.
   Regen:     It increases your rate of health regeneration.
   SH:        It affects your SH (+5).
 G - a +4 ring of protection (right hand)
Wands
 c - a wand of digging (12)
Scrolls
 a - a scroll of summoning {unknown}
 t - 2 scrolls of teleportation
 v - 3 scrolls of noise {unknown}
 w - a scroll of blinking {unknown}
 D - 3 scrolls of magic mapping
 F - a scroll of brand weapon {unknown}
Potions
 b - 5 potions of magic
 h - 2 potions of attraction
 k - a potion of flight
 l - a potion of curing
 m - a potion of berserk rage {unknown}
 o - 7 potions of lignification
 p - a potion of haste {unknown}
 q - 2 potions of resistance {unknown}
 r - a potion of ambrosia
 s - 4 potions of might {unknown}
 u - 3 potions of brilliance
 z - a potion of cancellation
 E - 4 potions of heal wounds {unknown}


   Skills:
 + Level 1.9 Fighting
 + Level 0.3 Short Blades
 + Level 3.1 Maces & Flails
 + Level 3.0 Dodging
 + Level 3.2 Stealth
 + Level 1.9 Shields
 + Level 5.5 Spellcasting
 + Level 5.1 Conjurations
 + Level 5.7 Fire Magic


You had 15 spell levels left.
You knew the following spells:

 Your Spells              Type           Power      Damage    Failure   Level
a - Foxfire               Conj/Fire      100%       2x1d9     1%          1
b - Scorch                Fire           68%        2d8       1%          2

Your spell library contained the following spells:

 Spells                   Type           Power      Damage    Failure   Level
 Conjure Flame            Conj/Fire      32%        6-21      2%          3
 Inner Flame              Hex/Fire       20%        N/A       8%          3
 Flame Wave               Conj/Fire      32%        2d8       9%          4
 Ensorcelled Hibernation  Hex/Ice        12%        N/A       13%         2
 Spider Form              Tmut/Pois      6%         N/A       26%         3
 Anguish                  Hex/Necr       3%         N/A       63%         4
 Animate Armour           Summ/Erth      12%        N/A       63%         4
 Petrify                  Tmut/Erth      6%         N/A       63%         4
 Blade Hands              Tmut           3%         N/A       93%         5
 Metabolic Englaciation   Hex/Ice        3%         N/A       93%         5
 Iron Shot                Conj/Erth      9%         9d3       99%         6
 Dispersal                Tloc           3%         N/A       100%        6
 Statue Form              Tmut/Erth      4%         N/A       100%        6
 Disjunction              Tloc           3%         N/A       100%        8


Dungeon Overview and Level Annotations

Branches:
Dungeon (7/15)            Ossuary (visited)          Bailey (1/1)
 Temple: D:4-7

Altars:
Uskayaw
Vehumet

Shops:
D:2 (   D:4 [

Portals:
Abyss: D:4

Annotations:
D:4 2 transporters, Lemondrips's ghost, amateur DgHu


Innate Abilities, Weirdness & Mutations

A demonic guardian rushes to your aid.
A meltable shield of frost defends you. (SH +4)
You have a tail ending in a sharp stinger.
You have large cloven feet.
You are agile. (Dex +4, Str/Int -1)
Your body sometimes deteriorates upon taking damage.


Message History

You conjure some foxfire!
The foxfire hits the orc.
The orc is almost dead.
The foxfire hits the orc.
You kill the orc!
You conjure some foxfire!
The foxfire hits the orc warrior but does no damage.
The foxfire hits the orc warrior.
The orc warrior is lightly wounded.
You conjure some foxfire!
The foxfire hits the orc knight but does no damage.
The foxfire hits the orc warrior.
The orc warrior is moderately wounded.
The orc knight hits you from afar with a +0 halberd.
You block the orc warrior's attack.
You conjure some foxfire!
The foxfire hits the orc warrior but does no damage.
The orc warrior is moderately wounded.
The foxfire hits the orc warrior but does no damage.
The orc warrior is moderately wounded.
The orc knight hits you from afar with a +0 halberd!!
Ouch! That really hurt!
Your body deteriorates!
You feel clumsy.
A demonic guardian appears!
The orc warrior hits you from afar with a +0 glaive!
* * * LOW HITPOINT WARNING * * *
Your body deteriorates!
You feel clumsy.
Your foxfire dissipates!
The foxfire hits the orc knight but does no damage.
Your orange demon barely misses the orc warrior.
Your orange demon stings the orc warrior from afar.
The orc warrior looks as sick as possible!
Your orange demon poisons the orc warrior!
You feel better. The orc knight barely misses you.
The orc warrior hits you from afar with a +0 glaive!!
* * * LOW HITPOINT WARNING * * *
Your orange demon stings the orc warrior but does no damage.
You feel better.
The orc knight hits you from afar with a +0 halberd!!
Ouch! That really hurt!
You die...

#.......#
#.......#
#..#)#..#
#.......#
#.))..#
##'''##
#.oo4.#
#.....#
#..@..#
#.....#
#.....#
##'''##
##.....##
#.......#
#.......#
#..#.#..#
#..#8#..#


You could see an orc knight, an orc warrior (strong, extremely poisoned, ally
target) and a friendly orange demon (summoned).

Vanquished Creatures
  Grinder (D:5)
  An ice beast (D:6)
  2 orc warriors (Bailey)
  A black bear (D:6)
  A phantom (D:5)
  2 necrophages
  A scorpion (D:6)
  7 wights (D:6)
  3 hounds
  3 jellies
  An iguana (D:4)
  2 orc wizards
  8 mummies (Ossuary)
  2 adders
  A white imp (D:5)
  A worm (D:2)
  6 dart slugs
  42 orcs
  2 bats (D:1)
  4 endoplasms
  13 giant cockroaches
  A gnoll zombie (Ossuary)
  9 goblins
  4 hobgoblins
  4 jackals (D:1)
  A quokka (D:3)
  6 ball pythons
  6 frilled lizards
  4 hobgoblin zombies (Ossuary)
  7 kobolds
  2 kobold zombies (Ossuary)
  An orc zombie (Ossuary)
  6 rats
155 creatures vanquished.

Vanquished Creatures (collateral kills)
  A necrophage (D:5)
  An orc priest (D:3)
  An orc (D:3)
3 creatures vanquished.

Vanquished Creatures (others)
  615 foxfires
615 creatures vanquished.

Grand Total: 773 creatures vanquished

Notes
Turn   | Place    | Note
-------+----------+-------------------------------------------
     0 | D:1      | gobodom the Demonspawn Fire Elementalist began the quest
                  | for the Orb.
     0 | D:1      | Reached XP level 1. HP: 13/13 MP: 3/3
   286 | D:1      | Gained mutation: You have a small tail. [demonic ancestry]
   286 | D:1      | Reached XP level 2. HP: 19/19 MP: 0/5
   399 | D:1      | You fall into a shaft and drop 1 floor!
  1145 | D:2      | Gained mutation: A meltable shield of frost defends you.
                  | (SH +4) [demonic ancestry]
  1145 | D:2      | Reached XP level 3. HP: 24/24 MP: 4/6
  1478 | D:2      | Found Soarach's Antique Weapon Shop.
  2091 | D:2      | Gained mutation: You passively dampen the noise of your
                  | surroundings. [potion of mutation]
  2091 | D:2      | Gained mutation: Your body sometimes deteriorates upon
                  | taking damage. [potion of mutation]
  2254 | D:3      | Found a hide-covered altar of Uskayaw.
  2384 | D:3      | Gained mutation: A weak demonic guardian rushes to your
                  | aid. [demonic ancestry]
  2384 | D:3      | Reached XP level 4. HP: 30/30 MP: 4/7
  2610 | D:3      | Found a radiant altar of Vehumet.
  2708 | D:3      | Gained mutation: You have a tail ending in a sharp stinger.
                  | [demonic ancestry]
  2708 | D:3      | Reached XP level 5. HP: 13/36 MP: 0/9
  2792 | D:3      | Found a faded altar of an unknown god.
  2825 | D:3      | Lost mutation: Your body sometimes deteriorates upon taking
                  | damage. [potion of mutation]
  2825 | D:3      | Lost mutation: You passively dampen the noise of your
                  | surroundings. [potion of mutation]
  2825 | D:3      | Gained mutation: Armour fits poorly on your strangely
                  | shaped body. [potion of mutation]
  2825 | D:3      | Gained mutation: Your spells are a little easier to cast,
                  | but a little less powerful. [potion of mutation]
  2825 | D:3      | Gained mutation: You are agile. (Dex +4, Str/Int -1)
                  | [potion of mutation]
  2825 | D:3      | Gained mutation: You have sharp fingernails. [potion of
                  | mutation]
  3413 | D:4      | Found Gowkan's Antique Armour Emporium.
  3461 | D:4      | Bought a runed robe for 129 gold pieces
  3477 | D:4      | Identified a scroll of acquirement
  3532 | D:4      | Lost mutation: Your spells are a little easier to cast, but
                  | a little less powerful. [potion of mutation]
  3532 | D:4      | Lost mutation: Armour fits poorly on your strangely shaped
                  | body. [potion of mutation]
  3532 | D:4      | Gained mutation: Your spells are a little easier to cast,
                  | but a little less powerful. [potion of mutation]
  3532 | D:4      | Gained mutation: You are partially covered in large bone
                  | plates. (SH +4) [potion of mutation]
  3532 | D:4      | Gained mutation: Your body sometimes deteriorates upon
                  | taking damage. [potion of mutation]
  3566 | D:4      | Learned a level 2 spell: Scorch
  3907 | D:4      | Noticed a small abomination
  3911 | D:4      | Found a transporter.
  3914 | D:4      | Found a one-way gate to the infinite horrors of the Abyss.
  3914 | D:4      | Noticed Lemondrips's ghost (amateur DgHu)
  4123 | D:4      | Found a transporter.
  4529 | D:4      | Acquired a +5 vampiric demon whip
  4560 | D:5      | Entered Level 5 of the Dungeon
  4604 | D:5      | Noticed a phantom
  4619 | D:5      | Killed a phantom
  4620 | D:5      | Gained mutation: A demonic guardian rushes to your aid.
                  | [demonic ancestry]
  4620 | D:5      | Reached XP level 6. HP: 34/42 MP: 1/10
  4755 | D:5      | Found a sand-covered staircase.
  4779 | Ossuary  | Entered an ossuary
  5220 | Ossuary  | Lost mutation: Your spells are a little easier to cast, but
                  | a little less powerful. [potion of mutation]
  5220 | Ossuary  | Lost mutation: You are partially covered in large bone
                  | plates. (SH +4) [potion of mutation]
  5220 | Ossuary  | Lost mutation: You have sharp fingernails. [potion of
                  | mutation]
  5220 | Ossuary  | Gained mutation: You have large cloven feet. [potion of
                  | mutation]
  5377 | D:5      | Noticed Grinder
  5385 | D:5      | Killed Grinder
  5386 | D:5      | Reached skill level 1 in Fighting
  5386 | D:5      | Reached skill level 1 in Maces & Flails
  5386 | D:5      | Reached XP level 7. HP: 45/48 MP: 5/13
  6480 | D:6      | Acquired the amulet "Mugian" {Reflect Regen+ SH+5}
  6528 | D:6      | Identified the +8 rapier of Perog {protect, Will+ Dex+4}
  6878 | D:6      | Reached skill level 5 in Fire Magic
  6878 | D:6      | Reached XP level 8. HP: 54/54 MP: 11/15
  6892 | D:6      | Reached skill level 1 in Shields
  6979 | D:6      | Reached skill level 5 in Spellcasting
  7237 | D:7      | Found a flagged portal.
  7300 | Bailey   | Entered a bailey
  7327 | Bailey   | Reached skill level 5 in Conjurations
  7490 | Bailey   | Noticed an orc knight
  7502 | Bailey   | Demolished by an orc knight

Illustrated notes

Levels and vault maps discovered:
D:1:      tarquinn_simple_flora_water_f, layout_basic, minmay_misc_feat_room
D:2:      minmay_roachtagon, layout_rooms, serial_shops, shop, roderic_lattice_a
D:3:      layout_basic, mainiacjoe_overflow_alcove_1, nicolae_vehumet_radiance,
          shapermc_ecumenical_altar_starsandcircs
D:4:      layout_layer_cave, gammafunk_ghost_abyssal_escape,
          nicolae_stop_n_shop_2, nicolae_elevator_lobby_asterisk
D:5:      layout_layer_cave, amcnicky_altar_gilded,
          nicolae_ossuary_entry_false_entrances, uniq_grinder
D:6:      layout_basic
D:7:      layout_rooms, nicolae_hepliaklqana_hazy_memory,
          minmay_temple_entry_waves, serial_shops,
          nicolae_shop_bloodbath_and_beyond, enter_bailey_8
Bailey:   bailey_polearm_5, bailey

Skill      XL: |  1  2  3  4  5  6  7  8 |
---------------+-------------------------+-----
Fire Magic     | 3 4 5 |  5.7
Stealth        | 2 3 |  3.2
Dodging        | 2 3 |  3.0
Conjurations   | 2 3 4 5 |  5.1
Spellcasting   | 3 4 5 |  5.5
Fighting       | 1 |  1.9
Maces & Flails | 1 3 |  3.1
Shields        | 1 |  1.9
Short Blades   | |  0.3

Action                   |  1- 3 |  4- 6 |  7- 9 || total
-------------------------+-------+-------+-------++-------
Melee: Dagger            |    53 |    43 |       ||    96
       Tailslap          |     6 |     8 |    10 ||    24
       Demon whip        |       |    19 |    46 ||    65
       Punch             |       |     1 |     1 ||     2
       Kick              |       |       |    20 ||    20
 Cast: Foxfire           |    87 |   164 |   115 ||   366
       Scorch            |       |       |     1 ||     1
  Use: Scroll            |     3 |     9 |     5 ||    17
       Potion            |     1 |     4 |     2 ||     7
Armor: Robe              |    17 |    13 |    11 ||    41
Dodge: Dodged            |    46 |    26 |    40 ||   112
Block: Other             |     9 |    17 |    25 ||    51

Table legend: (Time is in decaauts)
 A = Elapsed time spent in this place.
 B = Non-inter-level travel time spent in this place.
 C = Inter-level travel time spent in this place.
 D = Time resting spent in this place.
 E = Time spent auto-exploring this place.
 F = Levels seen in this place.
 G = Mean time per level.
                   A        B        C        D        E       F      G
               +--------+--------+--------+--------+--------+-----+--------+
         Total |   7502 |   7252 |    250 |    551 |   5163 |   9 |  833.6 |
       Dungeon |   6840 |   6590 |    250 |    321 |   5028 |   7 |  977.1 |
       Ossuary |    460 |    460 |      0 |    160 |    135 |   1 |  460.0 |
        Bailey |    201 |    201 |      0 |     70 |      0 |   1 |  201.0 |
               +--------+--------+--------+--------+--------+-----+--------+

Top non-repeatable levels by time:
     D:5: 1433 daAuts
     D:3: 1294 daAuts
     D:2: 1160 daAuts
     D:4: 1080 daAuts
     D:1: 1025 daAuts
     D:6: 755 daAuts
 Ossuary: 460 daAuts
  Bailey: 201 daAuts
     D:7: 90 daAuts
